 Dungeon Crawl Stone Soup version 0.22-a0-247-gbddf880 (webtiles) character file.

216 Azzok the Digger (level 5, -1/28 HPs)
             Began as a Gargoyle Earth Elementalist on Feb 26, 2018.
             Killed from afar by Ijyb (18 damage)
             ... with a wand of acid (9)
             ... on level 3 of the Dungeon.
             The game lasted 00:05:37 (3523 turns).

Azzok the Digger (Gargoyle Earth Elementalist)      Turns: 3523, Time: 00:05:38

Health: -1/28      AC:  6    Str: 11    XL:     5   Next: 93%
Magic:  10/11      EV: 12    Int: 17    God:
Gold:   144        SH:  0    Dex: 10    Spells: 8/12 levels left

rFire    . . .     SeeInvis .   m - +1 spear (venom)
rCold    . . .     Gourm    .   (no shield)
rNeg     + . .     Faith    .   c - +0 robe
rPois    ∞         Spirit   .   (no helmet)
rElec    +         Reflect  .   (no cloak)
rCorr    .         Harm     .   (no gloves)
MR       .....                  (no boots)
Stlth    ++........             (no amulet)
HPRegen  0.09/turn              (no ring)
MPRegen  0.12/turn              (no ring)

@: no status effects
A: negative energy resistance 1, electricity resistance, unbreathing,
petrification resistance, rot immunity, AC +4
a: no special abilities


You were on level 3 of the Dungeon.
You were not hungry.

You visited 1 branch of the dungeon, and saw 3 of its levels.

You collected 144 gold pieces.

Inventory:

Hand Weapons
 m - a +1 spear of venom (weapon)
 r - a +2 spear of freezing
Missiles
 b - 137 stones (quivered)
Armour
 c - a +0 robe (worn)
Wands
 q - a wand of enslavement (12)
Scrolls
 e - 6 scrolls of identify {unknown}
 h - 2 scrolls of fear {unknown}
 n - a scroll of enchant weapon {unknown}
Potions
 a - a potion of ambrosia {unknown}
 f - a potion of heal wounds {unknown}
 g - 2 potions of curing {unknown}
 j - a potion of flight {unknown}
 k - a potion of mutation {unknown}
 l - a potion of invisibility
 o - a potion of berserk rage {unknown}
 p - a potion of lignification {unknown}
 s - a potion of degeneration {unknown}
Comestibles
 d - 5 rations
 i - 2 chunks of flesh


   Skills:
 - Level 1.5 Dodging
 - Level 2.1 Stealth
 + Level 4.1 Spellcasting
   Level 0.7 Transmutations
 + Level 6.0 Earth Magic


You had 8 spell levels left.
You knew the following spells:

 Your Spells              Type           Power        Failure   Level  Hunger
a - Sandblast             Erth           ###...       1%          1    None
b - Stone Arrow           Conj/Erth      ##....       14%         3    ###....


Dungeon Overview and Level Annotations

Branches:
Dungeon (3/15)

Altars:
Ashenzari

Annotations:
D:3 Ijyb


Innate Abilities, Weirdness & Mutations

You are resistant to torment.
Your stone body is resilient. (AC +4)
You are immune to poison.
You resist negative energy. (rN+)
You are resistant to electric shocks. (rElec)
You can survive without breathing.
You are immune to petrification.
You are immune to rotting.


Message History

You hit Ijyb but do no damage.
Ijyb looks as sick as possible!
Ijyb is moderately wounded.
The worker ant bites you. Ijyb completely misses you.
You closely miss Ijyb.
Ijyb is moderately wounded.
The worker ant bites you. Ijyb hits you but does no damage.
You barely miss Ijyb.
Ijyb is heavily wounded.
You kill the worker ant!
Your Spellcasting skill increases to level 4!
Your Earth Magic skill increases to level 6!
Ijyb hits you but does no damage.
You hit Ijyb but do no damage.
Ijyb looks as sick as possible!
Ijyb is severely wounded.
Ijyb hits you but does no damage.
You barely miss Ijyb.
Ijyb is almost dead.
Ijyb zaps a wand.
The bolt of acid hits you!
Ouch! That really hurt!
You die...

▒▒▒▒▒▒▒▒ ▒▒▒▒
▒▒······▒▒▒▒▒▒▒ ···
▒·············▒▒
▒▒▒▒·▒▒··▒·▒·▒·▒·▒·▒·▒
▒····················▒▒
▒·····†·▒·▒·▒·▒·▒·▒·▒··
▒·····@··(·············
·······g▒·▒·▒·▒·▒·▒·▒·▒·
▒▒···············÷······
▒·····▒·▒·▒·▒·▒·▒·▒)▒·▒
▒···················(··
▒▒▒▒·▒(▒·▒·▒·▒·▒·▒·▒·▒·
▒· ··············· ·▒
▒·▒·▒·▒·▒·▒·▒·▒ ·
·············


You could see Ijyb.

Vanquished Creatures
  An orc priest (D:3)
  Terence (D:2)
  A worker ant (D:3)
  4 gnolls (D:3)
  An adder (D:2)
  A worm (D:3)
  2 dart slugs
  3 leopard geckos
  9 orcs (D:3)
  6 bats
  4 giant cockroaches
  7 goblins
  13 hobgoblins
  2 ball pythons
  2 frilled lizards
  7 kobolds
  8 rats
72 creatures vanquished.

Notes
Turn   | Place    | Note
-------+----------+-------------------------------------------
     0 | D:1      | Azzok the Gargoyle Earth Elementalist began the quest for the Orb.
     0 | D:1      | Reached XP level 1. HP: 10/10 MP: 3/3
   188 | D:1      | Reached XP level 2. HP: 15/15 MP: 3/5
   202 | D:1      | Reached skill level 4 in Earth Magic
  1389 | D:1      | Reached XP level 3. HP: 19/19 MP: 6/6
  1394 | D:1      | Learned a level 3 spell: Stone Arrow
  1645 | D:2      | Noticed Terence
  1657 | D:2      | Killed Terence
  1657 | D:2      | Reached XP level 4. HP: 8/24 MP: 0/8
  1905 | D:2      | Reached skill level 5 in Earth Magic
  2744 | D:3      | Found a shattered altar of Ashenzari.
  2766 | D:3      | Reached XP level 5. HP: 11/28 MP: 1/10
  3513 | D:3      | Noticed Ijyb
  3521 | D:3      | Reached skill level 6 in Earth Magic
  3523 | D:3      | Killed from afar by Ijyb

Vault maps used:
D:1:      elethiomel_arrival_quiet
D:2:      cheibrodos_greedy_goblins, minmay_nonomino_d4, uniq_terence
D:3:      lemuel_round_altar, hex_large, uniq_natasha, uniq_sigmund, uniq_ijyb

Skill      XL: |  1  2  3  4  5 |
---------------+----------------+-----
Earth Magic    | 4 5 6 |  6.0
Spellcasting   | 3 4 |  4.1
Dodging        | |  1.5
Stealth        | |  2.1
Transmutations | |  0.7

Action                   |  1- 3 |  4- 6 || total
-------------------------+-------+-------++-------
Melee: Unarmed           |     1 |       ||     1
       Hand axe          |    51 |       ||    51
       Short sword       |    15 |       ||    15
       Quarterstaff      |    21 |    65 ||    86
       Spear             |       |    51 ||    51
 Cast: Sandblast         |    22 |    25 ||    47
 Stab: Sleeping          |     1 |     2 ||     3
  Eat: Chunk             |     3 |     6 ||     9
Armor: Robe              |    33 |    50 ||    83
Dodge: Dodged            |    89 |    79 ||   168

Table legend:
 A = Spawn XP
 B = Non-spawn XP
 C = Spawn XP percentage of total XP
 D = Spawn monster count
 E = Non-spawn monster count
 F = Spawn count percentage of total count
 G = Total turns spent on level
                    A         B        C        D         E        F      G
               +---------+---------+-------+---------+---------+-------+---------
         Total |       0 |     309 |   0.0 |       0 |      72 |   0.0 |  3523
               +---------+---------+-------+---------+---------+-------+---------
           D:1 |       0 |      35 |   0.0 |       0 |      21 |   0.0 |  1444
           D:2 |       0 |      99 |   0.0 |       0 |      29 |   0.0 |  1526
           D:3 |       0 |     175 |   0.0 |       0 |      22 |   0.0 |   553
               +---------+---------+-------+---------+---------+-------+---------
